AoeStats
← |TheCore| MADKILLER!!!

Nomad

508097600Analyzed
4v4 RM · 11d ago on Sep 20, 2026· 55m 6s· 8 players
Game mode
Random Map
Map size
231×231
Population
200
Speed
Normal
Resources
Standard
Victory
Conquest
Starting age
Dark Age
Ending age
Imperial Age
RankedLock teamsTeams togetherTeam positionsShared explorationLock speedFull tech treeHidden civsTurbo modeCheats
Victory
Defeat
🇲🇽 Cumans · Mexico
1527
+13
🇲🇽 Persians · Mexico
1522
+14
🇺🇸 Dravidians · United States
1462
+16
🇨🇦 Mongols · Canada
1406
+18
🇦🇷 Vikings · Argentina
1522
-18
🇦🇷 Byzantines · Argentina
1491
-16
🇨🇱 Italians · Chile
1434
-14
🇦🇷 Spanish · Argentina
1419
-13
|TheCore| MADKILLER!!!
5:01 Loom
12:34 Feudal Age
13:08 Double-Bit Axe
14:31 Fletching
16:37 Padded Archer Armor
16:45 Horse Collar
18:04 Town Watch
21:29 Castle Age
20:10 Stone Mining
21:14 Fishing Lines
22:41 Bodkin Arrow
24:30 Squires
24:19 Arson
26:08 Scale Mail Armor
26:18 Forging
35:01 Imperial Age
33:24 Wheelbarrow
36:08 Conscription
36:04 Crossbowman
36:49 Thumb Ring
36:48 Bracer
50:03 Chemistry
49:20 Chain Mail Armor
49:40 Iron Casting
49:23 Leather Archer Armor
51:12 Ring Archer Armor
51:13 Conscription
52:01 Bow Saw
52:08 Hand Cart
51:54 Town Patrol
52:52 Medical Corps
52:54 Husbandry
54:15 Elite Elephant Archer
[KOF] santander
4:29 Loom
13:11 Feudal Age
16:56 Fishing Lines
17:55 Wheelbarrow
21:25 Castle Age
19:31 Double-Bit Axe
20:26 Gold Mining
20:50 Fletching
22:26 Bodkin Arrow
25:57 Ballistics
25:56 Padded Archer Armor
27:20 Town Watch
28:23 Gillnets
29:42 Horse Collar
31:43 Bloodlines
31:56 Bow Saw
36:02 Imperial Age
36:32 Leather Archer Armor
38:15 Chemistry
37:26 Thumb Ring
39:30 Gold Shaft Mining
40:03 Conscription
39:52 Heavy Plow
39:51 Elite Kipchak
41:50 Ring Archer Armor
43:01 Parthian Tactics
45:32 Scale Barding Armor
45:38 Forging
44:53 Cavalier
46:07 Steppe Husbandry
46:08 Cuman Mercenaries
49:22 Chain Barding Armor
49:38 Iron Casting
48:27 Paladin
51:43 Plate Barding Armor
52:47 Town Patrol
53:03 Hand Cart
53:53 Two-Man Saw
55:50 Blast Furnace
剧终
4:47 Loom
13:12 Feudal Age
14:12 Double-Bit Axe
16:57 Castle Age
15:23 Fishing Lines
19:27 Horse Collar
21:25 Heavy Plow
24:01 Scale Barding Armor
24:32 Husbandry
25:23 Forging
26:24 Bloodlines
29:35 Chain Barding Armor
29:54 Gold Mining
30:40 Wheelbarrow
29:51 Town Watch
33:50 Chain Barding Armor
36:20 Imperial Age
35:24 Iron Casting
36:44 Elite Steppe Lancer
38:02 Hand Cart
38:31 Gold Shaft Mining
43:10 Blast Furnace
45:06 Fletching
45:19 Light Cavalry
48:46 Masonry
48:57 Ballistics
48:49 Bodkin Arrow
48:37 Hussar
50:13 Conscription
49:43 Capped Ram
51:26 Drill
51:12 Bracer
52:22 Coinage
51:21 Siege Ram
53:01 Hoardings
52:43 Padded Archer Armor
55:12 Leather Archer Armor
KOF ChavaAzcona
5:06 Loom
11:52 Feudal Age
12:16 Double-Bit Axe
15:04 Fletching
25:15 Castle Age
27:12 Scale Barding Armor
33:56 Bow Saw
33:42 Horse Collar
36:26 Gold Mining
36:38 Heavy Plow
37:45 Gold Shaft Mining
38:16 Wheelbarrow
40:32 Stone Mining
43:58 Imperial Age
41:57 Bloodlines
42:08 Chain Barding Armor
42:10 Husbandry
42:22 Forging
45:12 Plate Barding Armor
44:25 Heavy Camel Rider
46:44 Hand Cart
47:22 Iron Casting
47:35 Town Watch
48:47 Conscription
49:35 Blast Furnace
49:55 Cavalier
51:58 Two-Man Saw
55:30 Ballistics
Dino_Mate
10:32 Loom
13:10 Feudal Age
13:10 Man-at-Arms
13:51 Arson
13:59 Double-Bit Axe
15:44 Forging
19:33 Castle Age
17:38 Scale Mail Armor
17:45 Horse Collar
19:06 Fishing Lines
19:35 Long Swordsman
20:36 Chain Mail Armor
25:17 Stone Mining
25:17 Gold Mining
26:58 Town Watch
27:28 Fletching
30:35 Bodkin Arrow
31:17 Squires
35:14 Imperial Age
33:00 Crossbowman
34:00 Padded Archer Armor
34:47 Ballistics
35:21 Leather Archer Armor
35:23 Masonry
35:59 Bracer
38:19 Chemistry
44:07 Gold Mining
45:54 Masonry
47:19 Ring Archer Armor
46:51 Capped Ram
47:08 Arbalester
49:23 Bogsveigar
JotaPex
3:25 Loom
14:24 Feudal Age
17:21 Fletching
25:49 Castle Age
24:45 Padded Archer Armor
26:30 Double-Bit Axe
35:35 Bodkin Arrow
40:52 Ballistics
42:18 Leather Archer Armor
41:59 Gold Mining
43:42 Bow Saw
51:18 Imperial Age
50:44 Murder Holes
52:09 Bracer
[VA] PabloB
3:52 Loom
14:09 Feudal Age
16:11 Fletching
27:14 Castle Age
40:04 Double-Bit Axe
44:55 Horse Collar
53:15 Bow Saw
55:06 Gold Mining
J.AVI
4:13 Loom
14:22 Feudal Age
15:53 Double-Bit Axe
16:26 Fishing Lines
19:36 Wheelbarrow
22:26 Castle Age
23:26 Medium Warships
24:33 Gillnets
24:59 Siphons
25:05 Clinker Construction
31:26 Imperial Age
29:11 Scale Barding Armor
30:52 Chain Barding Armor
30:45 Forging
31:44 Husbandry
31:37 Gold Mining
34:50 Plate Barding Armor
35:58 Heavy Camel Rider
40:24 Iron Casting
43:44 Horse Collar
Connection lost

Rejoining the realm…

Still unreachable

The connection could not be restored.

Session expired

The server has moved on; the page needs a fresh start.